 Dungeon Crawl Stone Soup version 0.27.1-2-g3b301248ec (webtiles) character file.

Game seed: 5957915420685768890

46 belegose the Ducker (level 3, 0/20 (21) HPs)
             Began as a Kobold Arcane Marksman on Oct 1, 2021.
             Slain by a necrophage (6 damage)
             ... on level 4 of the Dungeon.
             The game lasted 00:06:05 (1908 turns).

belegose the Ducker (Kobold Arcane Marksman)        Turns: 1908, Time: 00:06:06

HP:   0/20 (21)     AC:  3    Str:  8    XL:     3   Next: 95%
MP:   4/4           EV: 15    Int: 14    God:
Gold: 71            SH:  0    Dex: 15    Spells: 3/4 levels left

rFire    . . .     SeeInvis .   a - +0 mace
rCold    . . .     Faith    .   (shield restricted)
rNeg     . . .     Spirit   .   d - +0 robe
rPois    .         Reflect  .   (no helmet)
rElec    .         Harm     .   (no cloak)
rCorr    .         Rampage  .   (no gloves)
Will     .....                  g - +0 pair of boots
Stlth    +++.......             (no amulet)
HPRegen  0.06/turn              (no ring)
MPRegen  0.09/turn              (no ring)

@: lightly drained
A: small, no large weapons, nightstalker 3
a: no special abilities


You were on level 4 of the Dungeon.
You visited 1 branch of the dungeon, and saw 3 of its levels.

You collected 71 gold pieces.

Inventory:

Hand Weapons
 a - a +0 mace (weapon)
 b - a +0 dagger
 h - a +0 hand axe
 m - a +0 whip of freezing
Missiles
 c - 3 throwing nets
 e - 37 stones
 f - 8 boomerangs (quivered)
 i - 45 bolts
 n - 13 poisoned darts
Armour
 d - a +0 robe (worn)
 g - a +0 pair of boots (worn)
 j - a +0 leather armour
Magical Staves
 q - a staff of poison
Scrolls
 l - 3 scrolls of fog {unknown}
Potions
 k - a potion of haste {unknown}
 o - a potion of heal wounds {unknown}
 p - a potion of degeneration {unknown}


   Skills:
 + Level 2.1 Fighting
 + Level 0.0 Maces & Flails
 + Level 2.9 Throwing
 + Level 3.1 Dodging
 + Level 2.0 Stealth
 - Level 1.1 Spellcasting
 - Level 3.0 Hexes


You had 3 spell levels left.
You knew the following spells:

 Your Spells              Type           Power      Damage    Failure   Level
a - Corona                Hex            10%        N/A       8%          1

Your spell library contained the following spells:

 Spells                   Type           Power      Damage    Failure   Level
 Slow                     Hex            9%         N/A       12%         2
 Inner Flame              Hex/Fire       4%         N/A       38%         3
 Portal Projectile        Hex/Tloc       8%         N/A       38%         3
 Cause Fear               Hex            4%         N/A       58%         4


Dungeon Overview and Level Annotations

Branches:
Dungeon (2/15)

Altars:


Innate Abilities, Weirdness & Mutations

You are small and have problems with some larger weapons.
You are completely attuned to the shadows.


Message History

You throw a boomerang. The boomerang hits the endoplasm!
You kill the endoplasm!
Unknown command.
b - a +0 dagger (weapon)
The helpless necrophage fails to defend itself.
You puncture the necrophage!
The necrophage is moderately damaged.
The necrophage barely misses you.
a - a +0 mace (weapon)
You hit the necrophage.
The necrophage is moderately damaged.
The necrophage closely misses you.
The necrophage hits you but does no damage.
You hit the necrophage.
The necrophage is heavily damaged.
The necrophage hits you but does no damage.
You closely miss the necrophage.
The necrophage is heavily damaged.
The necrophage closely misses you.
You hit the necrophage but do no damage.
The necrophage is heavily damaged.
The necrophage hits you!
You feel drained. The necrophage closely misses you.
You barely miss the necrophage.
The necrophage is heavily damaged.
The necrophage closely misses you.
You closely miss the necrophage.
The necrophage is heavily damaged.
The necrophage barely misses you. The necrophage hits you.
You hit the necrophage.
The necrophage is heavily damaged.
The necrophage closely misses you.
You barely miss the necrophage.
The necrophage is heavily damaged.
The necrophage barely misses you.
You sock the necrophage!
The necrophage is severely damaged.
The necrophage hits you.
* * * LOW HITPOINT WARNING * * *
The necrophage hits you.
You die...

### ### ############.##
#.. ###...........#.#
#..
##...##########.######..
#.....######.#.#.##.....
.......@n.....###.......
#.../..#####.#.#..#.....
#....#.# #.#..#.####..
#....... ..#.##.# #..
###### ####.##.# #..
#.##.# ##. #.# #. #.# .
###. ..##...


You could see a necrophage.

Vanquished Creatures
  An adder (D:2)
  A dart slug (D:1)
  3 ball pythons
  4 endoplasms
  2 hobgoblins (D:2)
  A jackal (D:2)
  6 kobolds
  5 bats (D:1)
  2 frilled lizards (D:1)
  5 goblins
  3 rats (D:1)
33 creatures vanquished.

Vanquished Creatures (others)
  7 toadstools (D:1)
7 creatures vanquished.

Grand Total: 40 creatures vanquished

Notes
Turn   | Place    | Note
-------+----------+-------------------------------------------
     0 | D:1      | belegose the Kobold Arcane Marksman began the quest for the
                  | Orb.
     0 | D:1      | Reached XP level 1. HP: 12/12 MP: 2/2
   240 | D:1      | Reached XP level 2. HP: 16/16 MP: 3/3
   255 | D:1      | Reached skill level 1 in Stealth
   875 | D:1      | Reached XP level 3. HP: 21/21 MP: 4/4
  1447 | D:2      | Found a faded altar of an unknown god.
  1447 | D:2      | Noticed an eye of devastation
  1447 | D:2      | Noticed a floating eye
  1532 | D:2      | Noticed a floating eye
  1542 | D:2      | Noticed an eye of devastation
  1838 | D:2      | You fall into a shaft and drop 2 floors!
  1888 | D:4      | Noticed a necrophage
  1908 | D:4      | Slain by a necrophage

Illustrated notes

Levels and vault maps discovered:
D:1:      nagdon_arrival_double_spiral, layout_basic
D:2:      layout_loops_ring, hellmonk_ecumenical_altar_watching_god,
          moated_statue
D:4:      layout_loops_ring, uniq_natasha

Skill      XL: |  1  2  3 |
---------------+----------+-----
Stealth        | 1 2 |  2.0
Dodging        | 3 |  3.1
Fighting       | 2 |  2.1
Throwing       | |  2.9
Spellcasting   | |  1.1
Hexes          | |  3.0

Action                   || total
-------------------------++-------
Melee: Hand axe          ||    20
       Mace              ||    36
       Dagger            ||    17
       Whip              ||    28
Throw: Boomerang         ||     4
       Dart              ||     2
 Stab: Sleeping          ||    17
Armor: Robe              ||    10
Dodge: Dodged            ||    71
